 Dungeon Crawl Stone Soup version 0.20.0-8-g6b59dc7 (webtiles) character file.

108 George the Slasher (level 4, -10/39 HPs)
             Began as a Minotaur Fighter on June 1, 2017.
             Mangled by an orc wizard
             ... wielding a +4 dagger of electrocution
              (15 damage)
             ... on level 3 of the Dungeon.
             The game lasted 00:01:49 (1539 turns).

George the Slasher (Minotaur Fighter)               Turns: 1539, Time: 00:01:50

Health: -10/39     AC: 13    Str: 21    XL:     4   Next: 58%
Magic:  3/3        EV:  5    Int:  5    God:
Gold:   92         SH:  9    Dex: 10    Spells: 3/3 levels left

rFire    . . .     SeeInvis .   a - +0 long sword
rCold    . . .     Gourm    .   c - +0 shield
rNeg     . . .     Faith    .   u - +0 chain mail
rPois    .         Spirit   .   (helmet restricted)
rElec    .         Reflect  .   (no cloak)
rCorr    .         Harm     .   j - +0 pair of gloves (curse)
MR       .....                  i - +2 pair of boots
Stlth    ..........             (no amulet)
Regen    0.2/turn               (no ring)
MPRegen  0.1/turn               (no ring)

@: no status effects
A: retaliatory headbutt, horns 2
a: no special abilities


You were on level 3 of the Dungeon.
You were not hungry.

You visited 1 branch of the dungeon, and saw 3 of its levels.

You collected 92 gold pieces.

Inventory:

Hand Weapons
 a - a +0 long sword (weapon)
Armour
 c - a +0 shield (worn)
 i - a +2 pair of boots (worn)
 j - a cursed +0 pair of gloves (worn)
 u - a +0 chain mail (worn)
Scrolls
 e - a scroll of enchant weapon {unknown}
 g - a scroll of immolation {unknown}
 h - 3 scrolls of identify {unknown}
 k - a scroll of magic mapping {unknown}
 p - a scroll of random uselessness {unknown}
Potions
 d - a potion of might
 m - a potion of mutation {unknown}
 n - 3 potions of heal wounds {unknown}
 o - a potion of invisibility {unknown}
 q - a potion of agility {unknown}
 r - a potion of curing {unknown}
 s - a potion of resistance {unknown}
 t - a potion of brilliance {unknown}
Comestibles
 f - a bread ration
 l - a meat ration


   Skills:
 - Level 3.6 Fighting
 + Level 5.9 Long Blades
 - Level 3.6 Armour
 - Level 3.6 Shields


You had 3 spell levels left.
You didn't know any spells.

Dungeon Overview and Level Annotations

Branches:
Dungeon (3/15)

Altars:
Makhleb


Innate Abilities, Weirdness & Mutations

You reflexively headbutt those who attack you in melee.
You have a pair of horns on your head.


Message History

You barely miss the orc wizard. The orc hits you but does no damage.
The orc wizard hits you but does no damage.
You are electrocuted!
You hit the orc wizard. Your headbutt misses the orc wizard.
The orc wizard is lightly wounded.
You block the orc's attack.
The orc wizard hits you but does no damage.
You are electrocuted!
* * * LOW HITPOINT WARNING * * *
The orc hits you but does no damage.
You are too injured to fight recklessly!
You are too injured to fight recklessly!
You are too injured to fight recklessly!
You are too injured to fight recklessly!
You are too injured to fight recklessly!
You hit the orc wizard.
The orc wizard is heavily wounded.
The orc wizard hits you but does no damage.
You are electrocuted!
You die...

..#.#####.#
..........#
#.#....<..#
#....#.#.######
#....#........#
##....###.####.#
...>....#.####
##....#o#....#
.....oo@..##.#
.#....#.#.# #
#.#....(...
#......#..#
#......#..#
#....... .#
......#.. #
##.#......#


You could see an orc wizard and 2 orcs.

Vanquished Creatures
  3 gnolls (D:2)
  2 adders (D:2)
  3 worms (D:2)
  2 dart slugs
  A leopard gecko (D:1)
  An orc (D:3)
  A giant cockroach (D:1)
  7 goblins
  2 hobgoblins
  6 jackals (D:1)
  4 kobolds
  A quokka (D:2)
  5 bats
  5 frilled lizards
  4 rats
47 creatures vanquished.

Notes
Turn   | Place    | Note
-------+----------+-------------------------------------------
     0 | D:1      | George the Minotaur Fighter began the quest for the Orb.
     0 | D:1      | Reached XP level 1. HP: 19/19 MP: 0/0
   114 | D:1      | Reached skill level 3 in Long Blades
   121 | D:1      | Reached XP level 2. HP: 11/26 MP: 1/1
   313 | D:1      | Reached skill level 4 in Long Blades
   588 | D:1      | Reached XP level 3. HP: 31/31 MP: 2/2
   993 | D:2      | Reached skill level 5 in Long Blades
   995 | D:2      | Reached XP level 4. HP: 21/39 MP: 3/3
  1210 | D:2      | Found a burning altar of Makhleb.
  1539 | D:3      | Mangled by an orc wizard

Skill      XL: |  1  2  3 |
---------------+----------+-----
Long Blades    | 3 4 5 |  5.9
Fighting       | |  3.6
Armour         | |  3.6
Shields        | |  3.6

Action                   |  1- 3 |  4- 6 || total
-------------------------+-------+-------++-------
Melee: Long sword        |   100 |    41 ||   141
       Headbutt          |    12 |     6 ||    18
  Eat: Chunk             |       |     2 ||     2
Armor: Scale mail        |    61 |     4 ||    65
       Chain mail        |       |    17 ||    17
Dodge: Dodged            |    35 |     9 ||    44
Block: Shield            |    67 |    24 ||    91
       Rpst.: Long sword |    11 |     6 ||    17
